[Event "Early-Titled-Tuesday-Blitz-September-05-2023"]
[Site "Chess.com"]
[Date "2023.09.05"]
[Round "1"]
[White "amintabatabaei"]
[Black "S-Fazulyanov"]
[Result "1-0"]
[WhiteElo "3014"]
[BlackElo "2524"]
[TimeControl "180+1"]
[EndTime "8:07:02 PDT"]
[Termination "amintabatabaei won on time"]

1. c4 e5 2. d3 Nc6 3. Nf3 g6 4. g3 Bg7 5. Bg2 Nge7 6. O-O O-O 7. Nc3 d6 8. Rb1 a5 9. a3 f5 10. Bd2 h6 11. b4 axb4 12. axb4 Be6 13. b5 Na5 14. Qc2 Qd7 15. Bc1 g5 16. Bb2 c6 17.
Na4 Qc7 18. Ba3 c5 19. Nd2 f4 20. Ne4 Nf5 21. Bb2 g4 22. Ra1 h5 23. Ng5 Bc8 24.
Nc3 Nd4 25. Nd5 Qd8 26. Bxd4 Qxg5 27. Bc3 f3 28. Bh1 h4 29. Rxa5 Rxa5 30. Bxa5 hxg3 31. fxg3 Be6 32. Bd2 Qh5 33. Be3 Rf7 34. Qd1 e4 35.
dxe4 Be5 36. exf3 Bxg3 37. hxg3 Qh3 38. Bg2 Qxg3 39. Qe1 Qe5 40. f4 Qb2 41. Qg3 Rh7 42.
f5 Bf7 43. f6 Bg6 44. Qxg4 Kf7 45. Qd7+ 1-0

[Event "Early-Titled-Tuesday-Blitz-September-05-2023"]
[Site "Chess.com"]
[Date "2023.09.05"]
[Round "1"]
[White "yoelpolanco"]
[Black "BlitzWizard04"]
[Result "0-1"]
[WhiteElo "2233"]
[BlackElo "2594"]
[TimeControl "180+1"]
[EndTime "8:07:03 PDT"]
[Termination "BlitzWizard04 won on time"]

1. c4 e6 2. Nf3 d5 3. d4 Nf6 4. Nc3 Bb4 5. Qa4+ Nc6 6. Ne5 Bxc3+ 7. bxc3 Bd7 8. Nxd7 Qxd7 9. e3 a6 10. Rb1 dxc4 11.
Rxb7 Ne4 12. Bxc4 Nd6 13. Rb1 Nxd4 14. Qxd7+ Kxd7 15. Bd3 Nc6 16. O-O Rhb8 17. Bd2 Ne5 18. Bc2 Nec4 19. Bc1 Rxb1 20. Bxb1 Rb8 21. Bc2 Nb5 22.
Bb3 Na5 23. Bd2 Ke7 24. c4 Nxb3 25. axb3 Nd6 26. c5 Ne4 27. Ba5 Rxb3 28. Bxc7 Nxc5 29.
h4 Rb5 30. Rd1 a5 31. Bd6+ Kf6 32. f4 Kf5 33. Kh2 Ne4 34. Bc7 a4 35. Rd4 a3 36.
g4+ Kxg4 37. Rxe4 a2 38. Be5 f6 39. Bc3 Rc5 40. f5+ Kf3 0-1

[Event "Early-Titled-Tuesday-Blitz-September-05-2023"]
[Site "Chess.com"]
[Date "2023.09.05"]
[Round "1"]
[White "Journey_to_GrandMaster_YT"]
[Black "nassimzrikem"]
[Result "1-0"]
[WhiteElo "2590"]
[BlackElo "2229"]
[TimeControl "180+1"]
[EndTime "8:07:03 PDT"]
[Termination "Journey_to_GrandMaster_YT won by resignation"]

1. d4 d5 2. Nf3 c5 3. c4 Nf6 4. cxd5 cxd4 5. Qxd4 Qxd5 6. Nc3 Qxd4 7. Nxd4 a6 8. g3 e6 9. Bg2 Bb4 10. O-O O-O 11. Na4 Nbd7 12. a3 Ba5 13. b4 Bd8 14. Bb2 Rb8 15. Rfd1 b5 16. Nc5 Nxc5 17. bxc5 Bb7 18.
c6 Ba8 19. Rac1 Bc7 20. f4 Rfd8 21. e4 e5 22. Nf5 Kf8 23. Bxe5 Bxe5 24. Rxd8+ Rxd8 25. fxe5 Ne8 26. Nd6 Ke7 27. c7 Nxc7 28. Rxc7+ Ke6 29.
Bh3+ Kxe5 30. Nxf7+ Kd4 31. Nxd8 Kxe4 32. Bg2+ Kd3 33.
Bxa8 1-0

[Event "Early-Titled-Tuesday-Blitz-September-05-2023"]
[Site "Chess.com"]
[Date "2023.09.05"]
[Round "1"]
[White "Hope_6"]
[Black "Cheer_Down"]
[Result "0-1"]
[WhiteElo "2699"]
[BlackElo "2425"]
[TimeControl "180+1"]
[EndTime "8:07:04 PDT"]
[Termination "Cheer_Down won by checkmate"]

1. d4 Nf6 2. c4 g6 3. Nc3 d5 4. cxd5 Nxd5 5. e4 Nxc3 6. bxc3 Bg7 7. Nf3 c5 8. Be3 Qa5 9. Qd2 O-O 10. Rc1 Nd7 11. d5 Nf6 12. Bd3 c4 13. Bb1 Ng4 14.
Bd4 Bh6 15. Qd1 f6 16. h3 e5 17. dxe6 Ne5 18. e7 Re8 19. Bxe5 fxe5 20. Rc2 Rxe7 21. O-O Be6 22. Qe2 Rd8 23. Rd1 Red7 24. Rxd7 Rxd7 25.
Qe1 Rd3 26. Rb2 Qxc3 27. Qxc3 Rxc3 28. Rxb7 Rc1+ 29. Kh2 c3 30. Bd3 Rd1 31. Bc2 Rc1 32. Bd3 Bxa2 33. Rxa7 Bb1 34. Bxb1 Rxb1 35. Rc7 Rb2 36.
Kg3 c2 37. Nxe5 c1=Q 38. Rxc1 Bxc1 39. f4 Rb3+ 40. Kg4 Kg7 41. g3 h5+ 42. Kh4 Bb2 43.
Nd7 Rb7 44. Nc5 Bf6# 0-1

[Event "Early-Titled-Tuesday-Blitz-September-05-2023"]
[Site "Chess.com"]
[Date "2023.09.05"]
[Round "1"]
[White "farzadbfd"]
[Black "realburq"]
[Result "1-0"]
[WhiteElo "2697"]
[BlackElo "2395"]
[TimeControl "180+1"]
[EndTime "8:07:04 PDT"]
[Termination "farzadbfd won by resignation"]

1. d4 d5 2. Nf3 Nf6 3. c4 e6 4.
Nc3 Be7 5. Bg5 O-O 6. e3 c5 7.
cxd5 cxd4 8. Qxd4 exd5 9. Bb5 h6 10. Bh4 Nc6 11. Bxc6 bxc6 12. O-O Be6 13. Na4 Rb8 14. Qxa7 Ra8 15. Qd4 Qa5 16. b3 c5 17. Qd2 Qxd2 18. Nxd2 Rfb8 19. Rac1 c4 20. Bg3 Rb4 21. Nc3 cxb3 22.
Nxb3 Nd7 23. Rfd1 Nb6 24. Rd4 Rxd4 25. Nxd4 Nc4 26. h3 Ba3 27. Rb1 Bb2 28. Ndb5 Kh7 29.
a4 Bf5 30. Rd1 Bc2 31. Rxd5 Bxa4 32. Nxa4 Rxa4 33. Nd6 Nxd6 34. Bxd6 Kg6 35. g3 Rc4 36. h4 h5 37. Rg5+ Kh6 38. Bf4 Rc1+ 39. Kg2 Kh7 40. Rxh5+ Kg8 41. Rb5 Bf6 42. h5 Kh7 43. g4 Rc4 44.
Kg3 Rc5 45. Rxc5 1-0

[Event "Early-Titled-Tuesday-Blitz-September-05-2023"]
[Site "Chess.com"]
[Date "2023.09.05"]
[Round "1"]
[White "sergoy"]
[Black "hongnhung1234"]
[Result "0-1"]
[WhiteElo "2905"]
[BlackElo "2519"]
[TimeControl "180+1"]
[EndTime "8:07:06 PDT"]
[Termination "hongnhung1234 won by checkmate"]

1. d4 f5 2. c4 Nf6 3. Nf3 g6 4. g3 Bg7 5. Bg2 O-O 6. O-O d6 7. Nc3 Nc6 8. d5 Na5 9. Nd2 c5 10. Rb1 Rb8 11. b3 a6 12. Bb2 b5 13. cxb5 axb5 14.
e4 fxe4 15. Ncxe4 Bf5 16. Rc1 Nxd5 17. Bxg7 Kxg7 18. h4 Nf6 19. Re1 Qd7 20. Qe2 Nxe4 21. Nxe4 Nc6 22. Qb2+ Nd4 23. Nxc5 dxc5 24. Rxc5 Rbd8 25.
Rd5 Qa7 26. Rxb5 Kg8 27. Rbe5 e6 28. Kh2 Bg4 29. f4 Bf3 30. Qf2 Bxg2 31. Qxg2 Rc8 32.
Kh1 Rc2 33. Qe4 Qxa2 34. Rxe6 Rh2+ 35. Kg1 Qf2# 0-1

[Event "Early-Titled-Tuesday-Blitz-September-05-2023"]
[Site "Chess.com"]
[Date "2023.09.05"]
[Round "1"]
[White "angryspacevoid"]
[Black "skinerd6"]
[Result "1-0"]
[WhiteElo "2602"]
[BlackElo "2257"]
[TimeControl "180+1"]
[EndTime "8:07:07 PDT"]
[Termination "angryspacevoid won by resignation"]

1. e4 d5 2. exd5 Qxd5 3. Nc3 Qa5 4. d4 c6 5. Nf3 Nf6 6. Bc4 Bf5 7. Bd2 e6 8. Ne5 Nbd7 9. Qe2 Nxe5 10. dxe5 Nd7 11. f4 Bxc2 12. O-O h5 13. Rae1 Bf5 14. a3 Qc7 15. Ne4 Bxe4 16. Qxe4 g6 17. Bc3 O-O-O 18. Rd1 Bc5+ 19. Kh1 Nb6 20. Ba5 Qe7 21. Be2 Rxd1 22. Bxd1 Nd5 23. Bd2 Rd8 24. b4 Bb6 25. a4 Kb8 26. a5 Bc7 27. Be2 a6 28. Rc1 Rd7 29. h3 Qd8 30. Be1 Ne7 31. Bf2 Nf5 32. Rc4 Rd2 33.
g4 hxg4 34. hxg4 Rd1+ 35. Bxd1 Qxd1+ 36. Bg1 Qxg4 37. Qg2 Qh4+ 38. Qh2 Qe1 39. Qh8+ 1-0

[Event "Early-Titled-Tuesday-Blitz-September-05-2023"]
[Site "Chess.com"]
[Date "2023.09.05"]
[Round "1"]
[White "AdrianaPalao"]
[Black "gau248"]
[Result "0-1"]
[WhiteElo "2030"]
[BlackElo "2561"]
[TimeControl "180+1"]
[EndTime "8:07:07 PDT"]
[Termination "gau248 won by checkmate"]

1. e4 c5 2. Nf3 d6 3. d4 cxd4 4. Nxd4 Nf6 5. Nc3 a6 6. Be2 e6 7.
O-O b5 8. Bf3 Ra7 9. Be3 Rd7 10.
a4 b4 11. Na2 a5 12. Nb5 Be7 13. Ba7 Nc6 14. Bd4 O-O 15. c3 bxc3 16. Bxc3 Bb7 17.
Re1 d5 18. e5 Ne4 19. Bxe4 dxe4 20. Qg4 Nb4 21. Bxb4 axb4 22. Rad1 Bd5 23. Nc1 f5 24. exf6 Bxf6 25. Ne2 Qb6 26. Ned4 Rdf7 27. Qg3 Be7 28. Rf1 Bf6 29. b3 h6 30. h3 Kh7 31. Nd6 Rd7 32.
N6b5 Rfd8 33. Qf4 Bxb3 34. Rb1 Bd5 35. Ne2 b3 36. Ng3 Bg5 37. Qg4 e3 38. fxe3 Qxe3+ 39. Kh2 Qd2 40. Rfd1 Qxg2# 0-1

[Event "Early-Titled-Tuesday-Blitz-September-05-2023"]
[Site "Chess.com"]
[Date "2023.09.05"]
[Round "1"]
[White "vugarrasulov"]
[Black "olderson"]
[Result "1-0"]
[WhiteElo "2904"]
[BlackElo "2486"]
[TimeControl "180+1"]
[EndTime "8:07:08 PDT"]
[Termination "vugarrasulov won on time"]

1. e4 d6 2. d4 Nf6 3. f3 e5 4.
d5 Be7 5. c4 O-O 6. Nc3 c6 7. Bd3 Nbd7 8. Nge2 Nc5 9. Be3 Nxd3+ 10. Qxd3 c5 11. g4 Ne8 12. O-O-O Bg5 13. h4 Bxe3+ 14. Qxe3 a6 15. Ng3 b5 16. Nf5 bxc4 17. g5 Rb8 18. h5 Bxf5 19. exf5 f6 20. g6 h6 21. Rh4 Nc7 22. Rxc4 Nb5 23. Nxb5 Rxb5 24.
Rc2 Qb6 25. f4 Rb4 26. fxe5 fxe5 27. Rf1 Qb5 28. Rff2 Rh4 29. b3 Rxh5 30. f6 Rxf6 31. Rxf6 gxf6 32. Qf3 Rg5 33. Qxf6 Rg1+ 34. Kb2 Qf1 35.
Qd8+ Kg7 36. Qe7+ Kxg6 37. Qxd6+ Qf6 38. Qxc5 e4+ 39. Ka3 Rg3 40. d6 Rd3 41. Rg2+ Kf7 42. Qc4+ 1-0

[Event "Early-Titled-Tuesday-Blitz-September-05-2023"]
[Site "Chess.com"]
[Date "2023.09.05"]
[Round "1"]
[White "PeshkaCh"]
[Black "NLLO777"]
[Result "1-0"]
[WhiteElo "2788"]
[BlackElo "2434"]
[TimeControl "180+1"]
[EndTime "8:07:08 PDT"]
[Termination "PeshkaCh won by checkmate"]

1. Nf3 Nf6 2. d4 g6 3. c4 c5 4. g3 Bg7 5. Bg2 O-O 6. O-O d6 7.
Nc3 Nbd7 8. b3 Rb8 9. Bb2 a6 10.
a4 b6 11. Qc2 Bb7 12. Rfd1 cxd4 13. Nxd4 Bxg2 14. Kxg2 Qc7 15. Rac1 Rbc8 16. h3 Qb7+ 17. Kg1 Nc5 18. Nf3 Rfd8 19. Nd5 Nxd5 20. Rxd5 Bxb2 21. Qxb2 b5 22. axb5 axb5 23. Qc3 bxc4 24.
bxc4 Ne4 25. Qe3 Nf6 26. Rdd1 Rc5 27. Qxc5 dxc5 28. Rxd8+ Kg7 29. Rd3 h5 30. Re3 e6 31.
Kg2 Qb2 32. Rcc3 Ne4 33. Rb3 Qc2 34. Rb7 Nd6 35. Rd7 Nxc4 36. Rxe6 Qf5 37. Ree7 Nb2 38. e4 Qf6 39. e5 Qf5 40. e6 Qe4 41. Rxf7+ Kg8 42. Rg7+ Kf8 43. e7+ Ke8 44. Rd8# 1-0

[Event "Early-Titled-Tuesday-Blitz-September-05-2023"]
[Site "Chess.com"]
[Date "2023.09.05"]
[Round "1"]
[White "UB_TheQueen"]
[Black "Russian_berezka"]
[Result "1-0"]
[WhiteElo "2084"]
[BlackElo "2549"]
[TimeControl "180+1"]
[EndTime "8:07:09 PDT"]
[Termination "UB_TheQueen won on time"]

1. e4 c5 2. Nf3 d6 3. d4 cxd4 4. Nxd4 Nf6 5. Nc3 a6 6. Bc4 e6 7. Bb3 Nbd7 8. g4 Nc5 9. f3 b5 10. Be3 Bb7 11. g5 Nfd7 12. Qd2 Be7 13. h4 Ne5 14. O-O-O Rc8 15. h5 Nxb3+ 16. axb3 Qc7 17. Kb1 b4 18. Na4 d5 19. f4 Ng4 20. g6 dxe4 21.
gxf7+ Kxf7 22. f5 exf5 23. Nxf5 Nxe3 24. Nxe3 Rhd8 25. Qg2 Bf6 26. Rxd8 Rxd8 27. h6 g6 28. Rf1 Ke7 29. Ng4 Bg5 30. Qf2 Ke6 31. Nc5+ Kd6 32.
Qd4+ Kc6 33. Ne5+ Kb5 34. Qc4+ Kb6 35. Qxb4+ Ka7 36. Rf7 1-0

[Event "Early-Titled-Tuesday-Blitz-September-05-2023"]
[Site "Chess.com"]
[Date "2023.09.05"]
[Round "1"]
[White "Vaibhavraut99"]
[Black "knightinshiningarmour16"]
[Result "1-0"]
[WhiteElo "2567"]
[BlackElo "2117"]
[TimeControl "180+1"]
[EndTime "8:07:10 PDT"]
[Termination "Vaibhavraut99 won by resignation"]

1. Nf3 d5 2. e3 Nf6 3. b3 Bf5 4. Bb2 e6 5. Be2 h6 6. O-O Be7 7. d3 O-O 8. Nbd2 c6 9. Re1 Nbd7 10. Bf1 Bh7 11. e4 a5 12. a4 Qb6 13. e5 Ne8 14. d4 c5 15. c4 dxc4 16. Nxc4 Qc6 17. Rc1 Nc7 18. Nd6 Bxd6 19. exd6 Qxd6 20. dxc5 Qxd1 21. Rexd1 Rfd8 22. Rd6 Nf8 23. Rcd1 Nd5 24. Bc4 Rxd6 25. cxd6 Nb6 26. Bd4 Nfd7 27. Ne5 Nxe5 28. Bxe5 Nd7 29. Bd4 Rd8 30. Bb5 b6 31. Rc1 Nc5 32.
Bxc5 bxc5 33. Rxc5 Kf8 34. d7 Ke7 35. Rc7 Bd3 36.
Bxd3 1-0

[Event "Early-Titled-Tuesday-Blitz-September-05-2023"]
[Site "Chess.com"]
[Date "2023.09.05"]
[Round "1"]
[White "BigAl"]
[Black "GOGIEFF"]
[Result "0-1"]
[WhiteElo "2524"]
[BlackElo "3012"]
[TimeControl "180+1"]
[EndTime "8:07:11 PDT"]
[Termination "GOGIEFF won on time"]

1. Nf3 Nf6 2. g3 d5 3. Bg2 c6 4. O-O Bg4 5. d3 Nbd7 6. c4 e6 7. Be3 Be7 8. Qb3 Qc7 9. Nc3 O-O 10. cxd5 exd5 11. Rac1 Rfc8 12. h3 Bxf3 13. Bxf3 Qb8 14.
Bf4 Bd6 15. Bxd6 Qxd6 16. Qxb7 Rcb8 17. Qa6 Rxb2 18. Nb5 Rxb5 19. Rxc6 Qb4 20. Rfc1 Rb6 21. Rc8+ Rxc8 22. Rxc8+ Nf8 23. Qxa7 g6 24. Kg2 Rb7 25. Qa8 Rd7 26. a4 Kg7 27. a5 Qe7 28. a6 Ra7 29. Qc6 Ne6 30. Ra8 Rc7 31. Qb6 Rc1 32. a7 Ra1 33. Qb8 Kh6 34. h4 Qc7 35. Qh8 Qc1 0-1

[Event "Early-Titled-Tuesday-Blitz-September-05-2023"]
[Site "Chess.com"]
[Date "2023.09.05"]
[Round "1"]
[White "Byniolus"]
[Black "Fleetw00dMac"]
[Result "1-0"]
[WhiteElo "2835"]
[BlackElo "2465"]
[TimeControl "180+1"]
[EndTime "8:07:11 PDT"]
[Termination "Byniolus won by resignation"]

1. d4 Nf6 2. Nf3 g6 3. Bf4 Bg7 4. e3 d6 5. h3 O-O 6. Be2 Nc6 7.
O-O e5 8. Bh2 Ne4 9. c3 f5 10.
Nbd2 Nxd2 11. Nxd2 Qe7 12. Re1 Kh8 13. b4 Bd7 14. Nc4 Rae8 15. b5 Nb8 16. a4 Bc8 17. Qb3 Nd7 18. a5 b6 19. axb6 axb6 20. Ra7 Qd8 21. Rd1 exd4 22. cxd4 f4 23. Bf3 fxe3 24.
fxe3 Nf6 25. Bc6 Re7 26. Ra8 Ne4 27. Rda1 Ng5 28. Qd3 Ref7 29. Bf4 Ne6 30. Bg3 Qg5 31.
Kh2 h5 32. h4 Qf5 33. Be4 Qg4 34. Bxg6 Rf6 35. Be4 Bd7 36. Rxf8+ Rxf8 37. Bf3 1-0

[Event "Early-Titled-Tuesday-Blitz-September-05-2023"]
[Site "Chess.com"]
[Date "2023.09.05"]
[Round "1"]
[White "Lennis93"]
[Black "Shivananda1964"]
[Result "1-0"]
[WhiteElo "2802"]
[BlackElo "2441"]
[TimeControl "180+1"]
[EndTime "8:07:11 PDT"]
[Termination "Lennis93 won by resignation"]

1. Nf3 Nf6 2. d4 b5 3. g3 Bb7 4.
Bg2 c5 5. c3 e6 6. O-O Na6 7.
a4 b4 8. Bg5 Be7 9. Nbd2 O-O 10. e3 h6 11. Bxf6 Bxf6 12. Nc4 bxc3 13. bxc3 Bxf3 14. Qxf3 d5 15. Na3 cxd4 16. cxd4 Be7 17.
Nb5 Nb4 18. Rfc1 a6 19. Nc3 Qa5 20. e4 dxe4 21. Nxe4 Rac8 22. Qe2 Nd5 23. Nc5 Bxc5 24. dxc5 Rfd8 25. c6 Rd6 26. Qc4 Rdxc6 27. Qxc6 Rxc6 28.
Rxc6 Nb4 29. Rc8+ Kh7 30. Be4+ f5 31. Bg2 Qe5 32. Rd1 a5 33. Bf1 h5 34. Rd7 Nd5 35.
Rc5 Qd4 36. Rxa5 Qc3 37. Raa7 h4 38. Rxg7+ Qxg7 39. Rxg7+ Kxg7 40. gxh4 Kh6 41. Be2 e5 42. a5 e4 43. a6 Nc7 44. a7 f4 45. Kf1 f3 46. Bb5 Kh5 47. Bc6 Kxh4 48. Bxe4 Kg4 49. a8=Q 1-0

[Event "Early-Titled-Tuesday-Blitz-September-05-2023"]
[Site "Chess.com"]
[Date "2023.09.05"]
[Round "1"]
[White "tk22h"]
[Black "splendidkid"]
[Result "0-1"]
[WhiteElo "2423"]
[BlackElo "2763"]
[TimeControl "180+1"]
[EndTime "8:07:11 PDT"]
[Termination "splendidkid won by resignation"]

1. d4 Nf6 2. Nf3 g6 3. g3 Bg7 4. Bg2 O-O 5. O-O d6 6. c4 Nbd7 7. Nc3 e5 8. e4 exd4 9. Nxd4 Re8 10. h3 a6 11. Re1 Rb8 12. Bf4 Ne5 13. b3 c5 14. Nc2 b5 15. cxb5 axb5 16. Rc1 b4 17. Nd5 Ba6 18. Bxe5 Rxe5 19. Nce3 Nxd5 20. Nxd5 Ra8 21.
Rc2 Bb7 22. Rce2 Re8 23. Qc2 Bd4 24. Kh2 h5 25. h4 Ra7 26. Nf4 Ba6 27. Nd3 Qa5 28.
Rd1 Bb7 29. Nf4 Rea8 30. e5 dxe5 31. Bxb7 Rxb7 32. Nxg6 fxg6 33. Qxg6+ Rg7 34. Qe6+ Kh8 35. Qh6+ Kg8 36. Qe6+ Rf7 37. Qg6+ Kf8 38. Qd6+ Re7 39. Rd3 Qa6 40. Rf3+ Ke8 41. Qd5 Rd8 42. Qg8+ Kd7 43. Qd5+ Kc7 44. Qe4 Qc6 45. Qf5 e4 46. Rf4 e3 47.
fxe3 Be5 48. Re4 Qxe4 49. Qxe4 Bxg3+ 50. Kxg3 Rxe4 0-1

[Event "Early-Titled-Tuesday-Blitz-September-05-2023"]
[Site "Chess.com"]
[Date "2023.09.05"]
[Round "1"]
[White "Goryachkina"]
[Black "LuisFSiles"]
[Result "1-0"]
[WhiteElo "2661"]
[BlackElo "2363"]
[TimeControl "180+1"]
[EndTime "8:07:11 PDT"]
[Termination "Goryachkina won by resignation"]

1. e4 c5 2. Nf3 Nc6 3. Bb5 g6 4. O-O Bg7 5. Re1 Nf6 6. c3 O-O 7. d4 d5 8. e5 Ne4 9. h3 Qb6 10. Bxc6 bxc6 11. Nbd2 Nxd2 12. Qxd2 c4 13. Qf4 f6 14. exf6 exf6 15. Re7 Rf7 16. Re8+ Rf8 17. Rxf8+ Kxf8 18. Qd6+ Kf7 19. Bd2 Qb8 20. Qxc6 Bb7 21. Qd7+ Kg8 22. Re1 Qc8 23. Qd6 Qf8 24. Qc7 Bc8 25.
Re7 Bf5 26. Bf4 Re8 27. Rxe8 Qxe8 28. Qxa7 g5 29. Qb8 Bc8 30. Be3 h5 31. a4 g4 32.
hxg4 hxg4 33. Nd2 g3 34. Nf1 gxf2+ 35. Bxf2 Bh6 36. a5 Kh7 37. a6 Qd7 38. a7 Qb7 1-0

[Event "Early-Titled-Tuesday-Blitz-September-05-2023"]
[Site "Chess.com"]
[Date "2023.09.05"]
[Round "1"]
[White "Quattroporte300"]
[Black "Vanina1989"]
[Result "0-1"]
[WhiteElo "2403"]
[BlackElo "2709"]
[TimeControl "180+1"]
[EndTime "8:07:12 PDT"]
[Termination "Vanina1989 won by resignation"]

1. e4 c6 2. d4 d5 3. Nc3 dxe4 4. Nxe4 Nf6 5. Nxf6+ exf6 6. c3 Bd6 7. Bd3 O-O 8. Qc2 Re8+ 9. Ne2 h5 10. Be3 Nd7 11.
O-O-O Nf8 12. c4 Be6 13. Kb1 Rc8 14. Nc3 Bb4 15. Ne4 Be7 16. Rhe1 b5 17. c5 Qd5 18. b3 a5 19. f3 a4 20. b4 Qd7 21.
Nc3 Rb8 22. Be4 f5 23. d5 fxe4 24. dxe6 Qxe6 25. Qxe4 Rbd8 26. Qxe6 Nxe6 27. a3 f5 28. Kc2 Kf7 29. Ne2 Bf6 30. Nf4 Nxf4 31. Bxf4 Rxd1 32. Rxd1 g5 33. Bc7 Re2+ 34. Rd2 Rxd2+ 35. Kxd2 Bb2 36. Kc2 Bxa3 37. Ba5 Ke6 38. Kc3 Bc1 39. Kc2 Be3 40. Kd3 Bg1 41. h3 Bh2 42. Bd8 Bf4 43. g3 Bxg3 44. Bxg5 Be1 45. Bc1 Bxb4 46. Ke3 Bxc5+ 47.
Kf4 Be7 0-1

[Event "Early-Titled-Tuesday-Blitz-September-05-2023"]
[Site "Chess.com"]
[Date "2023.09.05"]
[Round "1"]
[White "Amirreza_p"]
[Black "Heinza9"]
[Result "1-0"]
[WhiteElo "2609"]
[BlackElo "2277"]
[TimeControl "180+1"]
[EndTime "8:07:12 PDT"]
[Termination "Amirreza_p won on time"]

1. Nf3 f5 2. d3 d6 3. e4 e5 4. Nc3 c5 5. Be2 Nf6 6. O-O Nc6 7. Bg5 Be7 8. Re1 O-O 9. Bf1 f4 10. h3 Be6 11. Nd2 Nd4 12. Bxf6 Bxf6 13. Nd5 Bxd5 14.
exd5 g5 15. c3 Nf5 16. Ne4 Ng7 17. Be2 h6 18. a4 Nf5 19. Bg4 Nh4 20. Be6+ Kg7 21.
Qh5 Be7 22. Bg4 b6 23. Rad1 a6 24. d4 cxd4 25. cxd4 exd4 26. Rxd4 Nf5 27. Bxf5 Rxf5 28. Nc3 Re5 29. Rxe5 dxe5 30. Rc4 Rc8 31. Qe2 a5 32.
Rxc8 Qxc8 33. Qxe5+ Bf6 34. Qe1 Qd7 35. Qd2 Be5 36. Qd3 Qd6 37. Ne4 Qd7 38. d6 1-0

[Event "Early-Titled-Tuesday-Blitz-September-05-2023"]
[Site "Chess.com"]
[Date "2023.09.05"]
[Round "1"]
[White "Mops_2004"]
[Black "DanielTitichoca"]
[Result "1-0"]
[WhiteElo "2819"]
[BlackElo "2452"]
[TimeControl "180+1"]
[EndTime "8:07:13 PDT"]
[Termination "Mops_2004 won by checkmate"]

1. g3 Nf6 2. Bg2 g6 3. Nf3 Bg7 4. d4 O-O 5. O-O d6 6. Re1 Bf5 7. Nbd2 Ne4 8. Nh4 d5 9. Nxf5 gxf5 10. Nf3 Nd7 11. c4 dxc4 12. Qc2 Nb6 13. Rd1 e6 14.
Ne5 Qd5 15. Bf4 f6 16. Nf3 Qb5 17. Bxc7 Rac8 18. Bf4 Nd5 19. Nd2 Nxf4 20. Nxe4 Nxg2 21. Nd6 Qd5 22. Nxc8 Rxc8 23. Qc3 Nf4 24. gxf4 Kh8 25. Qf3 Qd6 26. Kh1 Bh6 27. e3 b5 28. d5 e5 29.
fxe5 Qxe5 30. d6 Rd8 31. d7 Bf8 32. Rd5 Qe6 33. Rad1 b4 34. Qxf5 Qxf5 35. Rxf5 Be7 36. Rfd5 Kg8 37. Rc1 c3 38. bxc3 bxc3 39. Rxc3 Kf7 40.
Rc8 Ke6 41. Rxd8 Bxd8 42. e4 f5 43. f3 f4 44. Kg2 h5 45. Kf2 a5 46. a4 Bb6+ 47.
Ke2 Ke7 48. Kd3 Bd8 49. e5 Ke6 50. Ke4 Kf7 51. Kf5 Ke7 52. e6 h4 53. Rc5 h3 54.
Rc8 Bb6 55. Re8+ Kd6 56. d8=Q+ Bxd8 57. Rxd8+ Ke7 58. Rd7+ Ke8 59. Kf6 Kf8 60. Rd8# 1-0

[Event "Early-Titled-Tuesday-Blitz-September-05-2023"]
[Site "Chess.com"]
[Date "2023.09.05"]
[Round "1"]
[White "I_am_Javi"]
[Black "Ducke13"]
[Result "1-0"]
[WhiteElo "2747"]
[BlackElo "2419"]
[TimeControl "180+1"]
[EndTime "8:07:13 PDT"]
[Termination "I_am_Javi won on time"]

1. e4 c5 2. Nf3 d6 3. d4 cxd4 4. Nxd4 Nf6 5. Nc3 a6 6. Bc4 e6 7.
Bb3 b5 8. f3 Bd7 9. Be3 Nc6 10.
Qd2 Rc8 11. g4 Be7 12. g5 Nh5 13. Nce2 O-O 14. c3 Qc7 15. Ng3 Nxg3 16. hxg3 h6 17. gxh6 g6 18. h7+ Kh8 19. Bh6 Bf6 20. Bxf8 Rxf8 21. Nxc6 Bxc6 22. O-O-O d5 23. exd5 exd5 24. Bxd5 Bxd5 25. Qxd5 Qxg3 26. Kb1 Qf4 27. Qd6 Qf5+ 28. Ka1 Bg7 29. Qxa6 b4 30. Qd3 bxc3 31. Qxf5 cxb2+ 32. Kb1 gxf5 33. Rd5 f4 34. Rf5 Rc8 35. Rg5 Bd4 36.
a4 Be3 37. Kxb2 Bd4+ 38. Kb3 1-0

[Event "Early-Titled-Tuesday-Blitz-September-05-2023"]
[Site "Chess.com"]
[Date "2023.09.05"]
[Round "1"]
[White "MasterKroket"]
[Black "ChessQueen"]
[Result "0-1"]
[WhiteElo "2411"]
[BlackElo "2726"]
[TimeControl "180+1"]
[EndTime "8:07:13 PDT"]
[Termination "ChessQueen won by resignation"]

1. e4 c5 2. Nf3 Nc6 3. d4 cxd4 4. Nxd4 Nf6 5. Nc3 d6 6. Be2 e5 7. Nb3 Be7 8. Be3 O-O 9. h3 Be6 10. Bg5 a5 11. Bxf6 Bxf6 12. Nd5 a4 13. Nd2 Nd4 14. Nxf6+ Qxf6 15. c3 Nxe2 16. Qxe2 d5 17. O-O Rfd8 18. exd5 Bxd5 19. Rfe1 Qg6 20. f3 f6 21. Ne4 Qf7 22. a3 Bc4 23. Qe3 Rd3 24. Qc5 Rad8 25. Kh2 Bb3 26. Re3 R3d5 27. Qb6 Qe7 28.
Rae1 f5 29. Nf2 h6 30. R3e2 Kh7 31. Qb4 Qc7 32. Kg1 b5 33. Nh1 Qb6+ 34. Kh2 Qc7 35.
Ng3 e4 36. fxe4 Rd3 37. e5 f4 38. Qe4+ Kh8 39. Qxf4 Bc4 40. Re3 Rd2 41. Ne4 Rxb2 42.
Nd6 Bd5 43. Rg3 Rg8 44. Nf5 Kh7 45. Nxh6 gxh6 46. Qf5+ Kh8 47. Qf6+ Rg7 48. Qxh6+ Kg8 49. Rxg7+ Qxg7 50. Qxg7+ Kxg7 51. e6 Rxg2+ 0-1

[Event "Early-Titled-Tuesday-Blitz-September-05-2023"]
[Site "Chess.com"]
[Date "2023.09.05"]
[Round "1"]
[White "secretsuperstar7"]
[Black "Korchmar_Vasiliy"]
[Result "0-1"]
[WhiteElo "2382"]
[BlackElo "2676"]
[TimeControl "180+1"]
[EndTime "8:07:13 PDT"]
[Termination "Korchmar_Vasiliy won on time"]

1. e4 c5 2. Nf3 d6 3. Bb5+ Nd7 4.
O-O a6 5. Bxd7+ Bxd7 6. c3 Nf6 7. Re1 e6 8. d4 Be7 9. Bf4 O-O 10. h3 Bc6 11. Nbd2 b5 12. Qe2 Re8 13. Rad1 Qb6 14. Qd3 d5 15. exd5 Bxd5 16. b3 Rad8 17. Be3 Qb7 18. Qf1 cxd4 19. Nxd4 Ne4 20. Nxe4 Bxe4 21. Rc1 Ba3 22. Rcd1 Bb2 23. Bd2 e5 24. f3 exd4 25. fxe4 dxc3 26. Bg5 Rxd1 27. Rxd1 c2 28. Re1 Rxe4 29.
Bc1 Bxc1 30. Rxc1 Qe7 31. Rxc2 g6 32. Rc8+ Kg7 33. Rc1 Qe5 34. Rd1 Re2 35. Rc1 Rxa2 36. Re1 Qd4+ 37. Kh1 Qd5 38. Rd1 Qxb3 39. Re1 Qd5 40.
Qg1 Rd2 41. Rf1 a5 42. Rf2 Rd1 43. Rf1 Rxf1 44. Qxf1 Qe5 45. Qd3 a4 46. Qf3 b4 47.
g4 a3 48. h4 a2 49. Qd1 a1=Q 0-1

[Event "Early-Titled-Tuesday-Blitz-September-05-2023"]
[Site "Chess.com"]
[Date "2023.09.05"]
[Round "1"]
[White "vladgoncharov"]
[Black "BogdanDeac"]
[Result "0-1"]
[WhiteElo "2530"]
[BlackElo "3039"]
[TimeControl "180+1"]
[EndTime "8:07:14 PDT"]
[Termination "BogdanDeac won on time"]

1. d4 f5 2. g3 Nf6 3. Bg2 g6 4. Nd2 Nc6 5. c3 Bg7 6. e4 fxe4 7. Nxe4 Nxe4 8. Bxe4 d5 9. Bg2 e5 10. dxe5 Nxe5 11. Qxd5 Qe7 12. Ne2 c6 13. Qd1 Bg4 14.
O-O Nf3+ 15. Bxf3 Bxf3 16. Re1 Rd8 17. Qc2 O-O 18. Be3 Qd7 19. Qb3+ Bd5 20. c4 Bf3 21. Nf4 Rde8 22. c5+ Kh8 23. Bd4 Rxe1+ 24. Rxe1 Qxd4 25. Qxf3 g5 26. Rd1 Qf6 27. Rd6 Qf7 28. Ng6+ hxg6 29.
Qe3 Qxa2 30. Kg2 Qf7 0-1

[Event "Early-Titled-Tuesday-Blitz-September-05-2023"]
[Site "Chess.com"]
[Date "2023.09.05"]
[Round "1"]
[White "noblerone"]
[Black "HansOnTwitch"]
[Result "0-1"]
[WhiteElo "2541"]
[BlackElo "3061"]
[TimeControl "180+1"]
[EndTime "8:07:15 PDT"]
[Termination "HansOnTwitch won by checkmate"]

1. d4 Nf6 2. Nf3 g6 3. Bg5 Bg7 4. Nbd2 d6 5. c3 O-O 6. e3 Nbd7 7. Bc4 b6 8. a4 a6 9. O-O Bb7 10.
Ba2 e5 11. h3 Qe7 12. Qc2 Kh8 13. Bh4 h6 14. dxe5 dxe5 15. e4 Rad8 16. Rad1 g5 17. Bg3 Nh5 18. Rfe1 Nxg3 19. fxg3 Nf6 20. b4 a5 21. Qb1 Bc6 22. b5 Bb7 23. Kh2 Rd7 24. Nc4 Rxd1 25. Qxd1 Nxe4 26. Qc2 f5 27. Ne3 Nxg3 28.
Kxg3 f4+ 29. Kf2 fxe3+ 30. Kxe3 e4 31. Nh2 Qc5+ 32. Kd2 Rf2+ 33. Re2 Bxc3+ 34. Kd1 Qd4+ 35. Kc1 Rxe2 36. Qxe2 e3 37. Nf3 Bxf3 38. gxf3 Bd2+ 39. Kd1 Qa1+ 40. Kc2 Qc3+ 41. Kb1 Qc1# 0-1